[ AOE2 MATCH · #494424670 ]
UnrankedGoths vs Bulgarians
Player's team · WIN
[ REPLAY ANALYSIS · EXTRACTED FROM THE RECORDED GAME ]
Feudal
12:09
Castle
26:11
Imperial
—
| APM avg | 66.3 |
| APM peak | 112 |
| eAPM avg | 28.9 |
| Villagers / military | 94 / 30 |
Focus
⚔️ 31.9% · 🌾 68.1%
Archer ×8 · Militia ×8 · Knight ×6 · Skirmisher ×5 · Huskarl ×1 · Mangonel ×1
Feudal
9:03
Castle
24:48
Imperial
—
| APM avg | 74.4 |
| APM peak | 129 |
| eAPM avg | 27.8 |
| Villagers / military | 58 / 20 |
Focus
⚔️ 43.7% · 🌾 56.3%
Militia ×12 · Knight ×4 · Monk ×2 · Mangonel ×1 · Battering Ram ×1
Match map
Initial resources + every placement click. Lines = walls · curves = elevation contours. ◆ gold · ⬟ stone · ● berries · ✦ relic · ◌ wall gap
Your base· Open — unwalled flank
__Chino's base· Open — unwalled flank
Smoothed initial terrain · ◌ = detected wall gap · hover for details
Inputs per minute
— pH - - __Chino
Build order — pH
First 150 of 216 actions detected
| 0:00 | Queue | Villager (Male) |
| 0:00 | Queue | Villager (Male) |
| 0:01 | Queue | Villager (Male) |
| 0:02 | Build | House |
| 0:02 | Build | House |
| 0:04 | Queue | Villager (Male) |
| 1:22 | Queue | Villager (Male) |
| 1:54 | Build | Lumber Camp |
| 1:59 | Queue | Villager (Male) |
| 2:06 | Queue | Villager (Male) |
| 2:06 | Queue | Villager (Male) |
| 2:11 | Research | Loom |
| 2:14 | Queue | Villager (Male) |
| 2:32 | Queue | Villager (Male) |
| 3:02 | Queue | Villager (Male) |
| 3:02 | Queue | Villager (Male) |
| 3:33 | Queue | Villager (Male) |
| 3:55 | Queue | Villager (Male) |
| 4:08 | Build | House |
| 4:20 | Queue | Villager (Male) |
| 4:20 | Queue | Villager (Male) |
| 4:41 | Build | Barracks |
| 4:44 | Queue | Villager (Male) |
| 4:44 | Queue | Villager (Male) |
| 5:08 | Queue | Villager (Male) |
| 5:10 | Build | House |
| 5:30 | Queue | Villager (Male) |
| 5:51 | Queue | Militia |
| 5:51 | Queue | Militia |
| 5:51 | Queue | Militia |
| 6:04 | Queue | Villager (Male) |
| 6:25 | Queue | Militia |
| 6:28 | Build | Mill |
| 6:31 | Build | House |
| 6:35 | Queue | Villager (Male) |
| 6:51 | Queue | Villager (Male) |
| 7:18 | Queue | Militia |
| 7:18 | Queue | Militia |
| 7:20 | Queue | Villager (Male) |
| 7:42 | Build | Mill |
| 7:42 | Queue | Villager (Male) |
| 8:04 | Queue | Militia |
| 8:22 | Queue | Villager (Male) |
| 8:46 | Queue | Villager (Male) |
| 8:49 | Build | Farm |
| 8:50 | Build | Farm |
| 9:01 | Queue | Militia |
| 9:07 | Build | House |
| 9:11 | Queue | Villager (Male) |
| 9:17 | Queue | Villager (Male) |
| 9:19 | Build | Farm |
| 9:59 | Research | Feudal Age |
| 9:59 | Research | Feudal Age |
| 10:16 | Build | Mining Camp |
| 10:42 | Build | Farm |
| 10:50 | Build | Farm |
| 11:30 | Build | House |
| 11:39 | Build | Palisade Wall |
| 11:41 | Build | Mining Camp |
| 11:46 | Build | House |
| 11:48 | Build | House |
| 12:00 | Build | House |
| 12:05 | Queue | Villager (Male) |
| 12:09 | Age | Feudal Age |
| 12:20 | Build | Watch Tower |
| 12:24 | Queue | Villager (Male) |
| 12:36 | Queue | Villager (Male) |
| 12:40 | Research | Double-Bit Axe |
| 12:53 | Queue | Villager (Male) |
| 13:09 | Queue | Villager (Male) |
| 13:10 | Build | Farm |
| 13:21 | Queue | Villager (Male) |
| 13:35 | Build | Archery Range |
| 13:36 | Queue | Villager (Male) |
| 13:49 | Queue | Villager (Male) |
| 13:51 | Research | Horse Collar |
| 13:53 | Queue | Villager (Male) |
| 14:03 | Build | Blacksmith |
| 14:04 | Queue | Villager (Male) |
| 14:14 | Queue | Villager (Male) |
| 14:25 | Research | Town Watch |
| 14:25 | Queue | Villager (Male) |
| 14:29 | Build | Watch Tower |
| 14:37 | Queue | Villager (Male) |
| 15:07 | Research | Fletching |
| 15:28 | Queue | Villager (Male) |
| 15:38 | Queue | Villager (Male) |
| 15:49 | Queue | Skirmisher |
| 15:51 | Build | Farm |
| 15:58 | Build | Mining Camp |
| 15:59 | Queue | Villager (Male) |
| 16:01 | Build | Farm |
| 16:04 | Build | Farm |
| 16:08 | Build | Farm |
| 16:17 | Build | Farm |
| 16:19 | Queue | Skirmisher |
| 16:26 | Build | Watch Tower |
| 16:34 | Queue | Villager (Male) |
| 16:37 | Build | Farm |
| 17:12 | Queue | Villager (Male) |
| 17:27 | Queue | Skirmisher |
| 17:42 | Build | Lumber Camp |
| 17:50 | Build | Farm |
| 17:54 | Build | Farm |
| 17:56 | Build | Farm |
| 17:59 | Queue | Villager (Male) |
| 18:04 | Queue | Skirmisher |
| 18:28 | Queue | Archer |
| 18:29 | Queue | Villager (Male) |
| 18:45 | Queue | Villager (Male) |
| 18:56 | Build | Farm |
| 19:17 | Queue | Archer |
| 19:21 | Queue | Villager (Male) |
| 19:24 | Build | Farm |
| 19:25 | Queue | Villager (Male) |
| 19:43 | Queue | Archer |
| 19:44 | Queue | Villager (Male) |
| 19:56 | Build | Watch Tower |
| 19:59 | Queue | Villager (Male) |
| 20:00 | Queue | Archer |
| 20:07 | Build | Farm |
| 20:08 | Queue | Villager (Male) |
| 20:10 | Research | Wheelbarrow |
| 20:29 | Queue | Villager (Male) |
| 20:32 | Build | House |
| 20:49 | Queue | Villager (Male) |
| 20:57 | Queue | Skirmisher |
| 21:07 | Build | Market |
| 21:18 | Queue | Villager (Male) |
| 21:24 | Queue | Archer |
| 21:28 | Build | Lumber Camp |
| 21:37 | Queue | Villager (Male) |
| 21:39 | Build | Farm |
| 21:44 | Build | House |
| 21:44 | Build | House |
| 21:46 | Build | Farm |
| 21:53 | Queue | Villager (Male) |
| 21:56 | Queue | Villager (Male) |
| 22:06 | Queue | Archer |
| 22:07 | Queue | Villager (Male) |
| 22:23 | Build | Archery Range |
| 22:30 | Queue | Villager (Male) |
| 22:49 | Build | House |
| 22:49 | Build | House |
| 22:50 | Build | House |
| 22:58 | Build | House |
| 23:00 | Build | House |
| 23:06 | Queue | Villager (Male) |
| 23:15 | Build | Outpost |
| 23:17 | Build | House |
Build order — __Chino
First 150 of 156 actions detected
| 0:00 | Queue | Villager (Male) |
| 0:00 | Queue | Villager (Male) |
| 0:01 | Queue | Villager (Male) |
| 0:03 | Build | House |
| 0:04 | Build | House |
| 0:09 | Queue | Villager (Male) |
| 1:23 | Queue | Villager (Male) |
| 1:54 | Build | Lumber Camp |
| 1:59 | Queue | Villager (Male) |
| 2:16 | Queue | Villager (Male) |
| 2:48 | Queue | Villager (Male) |
| 3:04 | Queue | Villager (Male) |
| 3:36 | Queue | Villager (Male) |
| 3:50 | Build | House |
| 3:51 | Build | House |
| 4:03 | Queue | Villager (Male) |
| 4:30 | Queue | Villager (Male) |
| 4:31 | Queue | Villager (Male) |
| 4:42 | Queue | Villager (Male) |
| 5:03 | Queue | Villager (Male) |
| 5:32 | Build | Barracks |
| 6:03 | Build | House |
| 6:11 | Research | Loom |
| 6:53 | Research | Feudal Age |
| 6:53 | Research | Feudal Age |
| 7:20 | Build | Mining Camp |
| 7:25 | Queue | Militia |
| 7:46 | Queue | Militia |
| 8:05 | Build | Palisade Wall |
| 8:10 | Build | Palisade Wall |
| 8:12 | Build | Palisade Wall |
| 8:20 | Queue | Villager (Male) |
| 8:23 | Build | Palisade Wall |
| 8:24 | Queue | Militia |
| 8:28 | Build | Palisade Wall |
| 8:29 | Build | Palisade Wall |
| 8:59 | Queue | Villager (Male) |
| 9:03 | Age | Feudal Age |
| 9:22 | Build | Palisade Wall |
| 9:40 | Build | Watch Tower |
| 9:50 | Queue | Villager (Male) |
| 10:07 | Queue | Militia |
| 10:20 | Build | Outpost |
| 10:29 | Build | Mill |
| 11:27 | Build | Mining Camp |
| 11:39 | Queue | Villager (Male) |
| 11:54 | Queue | Villager (Male) |
| 12:23 | Queue | Villager (Male) |
| 12:56 | Build | Blacksmith |
| 13:27 | Queue | Villager (Male) |
| 13:32 | Build | House |
| 13:33 | Queue | Villager (Male) |
| 13:35 | Build | Farm |
| 13:37 | Build | Farm |
| 14:01 | Build | Watch Tower |
| 14:19 | Build | Farm |
| 14:26 | Queue | Villager (Male) |
| 14:47 | Queue | Villager (Male) |
| 14:51 | Build | Palisade Wall |
| 15:28 | Build | House |
| 15:29 | Queue | Villager (Male) |
| 15:30 | Queue | Militia |
| 15:35 | Queue | Villager (Male) |
| 15:38 | Build | Farm |
| 15:38 | Build | Farm |
| 16:00 | Build | Farm |
| 16:06 | Queue | Militia |
| 16:17 | Build | Watch Tower |
| 16:20 | Queue | Villager (Male) |
| 16:22 | Build | Farm |
| 16:41 | Queue | Villager (Male) |
| 16:54 | Queue | Villager (Male) |
| 16:56 | Build | Farm |
| 17:14 | Queue | Militia |
| 17:15 | Queue | Villager (Male) |
| 17:16 | Build | Farm |
| 17:31 | Build | House |
| 17:36 | Queue | Militia |
| 17:39 | Build | Farm |
| 17:42 | Queue | Villager (Male) |
| 18:01 | Build | Watch Tower |
| 18:05 | Queue | Militia |
| 18:05 | Queue | Villager (Male) |
| 18:06 | Queue | Villager (Male) |
| 18:21 | Queue | Militia |
| 18:34 | Queue | Militia |
| 18:45 | Queue | Villager (Male) |
| 18:49 | Build | Farm |
| 18:51 | Build | Farm |
| 18:51 | Build | Farm |
| 19:17 | Queue | Villager (Male) |
| 19:18 | Queue | Militia |
| 19:21 | Build | Farm |
| 19:31 | Build | Watch Tower |
| 19:54 | Queue | Villager (Male) |
| 19:55 | Queue | Villager (Male) |
| 19:57 | Build | Farm |
| 19:57 | Build | Farm |
| 20:19 | Queue | Villager (Male) |
| 20:55 | Queue | Villager (Male) |
| 21:00 | Build | Market |
| 21:09 | Research | Arson |
| 21:09 | Research | Arson |
| 21:24 | Queue | Villager (Male) |
| 21:40 | Build | House |
| 21:41 | Build | House |
| 22:08 | Research | Castle Age |
| 22:08 | Research | Castle Age |
| 22:58 | Research | Scale Barding Armor |
| 22:58 | Research | Scale Barding Armor |
| 23:01 | Build | Farm |
| 23:06 | Build | Stable |
| 23:36 | Build | Lumber Camp |
| 23:41 | Build | House |
| 24:08 | Research | Bloodlines |
| 24:26 | Build | House |
| 24:28 | Build | House |
| 24:41 | Queue | Villager (Male) |
| 24:48 | Age | Castle Age |
| 25:02 | Queue | Knight |
| 25:03 | Queue | Knight |
| 25:04 | Queue | Villager (Male) |
| 25:20 | Build | Krepost |
| 25:23 | Queue | Villager (Male) |
| 25:29 | Research | Double-Bit Axe |
| 25:30 | Research | Double-Bit Axe |
| 25:35 | Queue | Knight |
| 25:50 | Queue | Knight |
| 25:52 | Queue | Villager (Male) |
| 26:06 | Build | Siege Workshop |
| 26:17 | Queue | Villager (Male) |
| 26:39 | Research | Fletching |
| 26:39 | Research | Fletching |
| 26:55 | Queue | Mangonel |
| 27:20 | Research | Bodkin Arrow |
| 28:09 | Queue | Villager (Male) |
| 28:10 | Queue | Villager (Male) |
| 28:35 | Queue | Villager (Male) |
| 28:39 | Build | Monastery |
| 28:49 | Build | Town Center |
| 28:55 | Research | Bow Saw |
| 28:55 | Research | Bow Saw |
| 29:10 | Queue | Villager (Male) |
| 29:19 | Build | Town Center |
| 29:20 | Queue | Villager (Male) |
| 29:22 | Queue | Monk |
| 29:24 | Build | Farm |
| 29:51 | Queue | Villager (Male) |
| 30:00 | Queue | Villager (Male) |
| 30:08 | Queue | Battering Ram |
Match timeline
| 4:41 | pH · first_building Barracks |
| 5:32 | __Chino · first_building Barracks |
| 8:05 | __Chino · wall_segment Palisade Wall x1 |
| 8:10 | __Chino · wall_segment Palisade Wall x1 |
| 8:12 | __Chino · wall_segment Palisade Wall x1 |
| 8:23 | __Chino · wall_segment Palisade Wall x1 |
| 8:28 | __Chino · wall_segment Palisade Wall x1 |
| 8:29 | __Chino · wall_segment Palisade Wall x1 |
| 9:03 | __Chino · age_up feudal |
| 9:22 | __Chino · wall_segment Palisade Wall x1 |
| 11:39 | pH · wall_segment Palisade Wall x5 |
| 12:09 | pH · age_up feudal |
| 13:35 | pH · first_building Archery Range |
| 14:51 | __Chino · wall_segment Palisade Wall x1 |
| 22:04 | __Chino · first_market_buy 100 food |
| 22:05 | pH · first_market_sell 100 wood |
| 23:06 | __Chino · first_building Stable |
| 23:22 | pH · wall_segment Palisade Wall x1 |
| 23:54 | pH · first_building Stable |
| 24:48 | __Chino · age_up castle |
| 25:01 | __Chino · first_market_sell 100 food |
| 25:20 | __Chino · first_building Krepost |
| 26:06 | __Chino · first_building Siege Workshop |
| 26:11 | pH · age_up castle |
| 26:18 | pH · first_market_buy 100 stone |
| 26:26 | pH · first_building Castle |
| 27:29 | pH · first_building Siege Workshop |
| 27:38 | pH · wall_segment Palisade Wall x1 |
| 28:39 | __Chino · first_building Monastery |
| 31:12 | __Chino · resign |
[ AI ANALYSIS · 1 CREDIT ]
What really happened in this match?
Wolo.gg analyzes every decision: build order, eco, micro, common mistakes by bracket. Personalized analysis on WhatsApp or Discord in 30 seconds.
Civ guide
Goths
Perfil
Jugador #3830646